 Dungeon Crawl Stone Soup version 0.27.1-33-g824d729ab1 (webtiles) character file.

Game seed: 10621343714972563683

191 klutch the Skirmisher (level 5, -6/48 HPs)
             Began as a Minotaur Fighter on Dec 12, 2021.
             Mangled by an ice beast (11 damage)
             ... on level 3 of the Dungeon on Dec 19, 2021.
             The game lasted 00:11:34 (2591 turns).

klutch the Skirmisher (Minotaur Fighter)            Turns: 2591, Time: 00:11:36

Health: -6/48      AC:  7    Str: 20    XL:     5   Next: 42%
Magic:  4/4        EV:  7    Int:  5    God:
Gold:   80         SH:  9    Dex: 11    Spells: 4/4 levels left

rFire    . . .     SeeInvis .   a - +1 flail
rCold    . . .     Faith    .   c - +0 kite shield
rNeg     . . .     Spirit   .   b - +0 scale mail
rPois    .         Reflect  .   (helmet restricted)
rElec    .         Harm     .   (no cloak)
rCorr    .         Rampage  .   (no gloves)
Will     .....                  (no boots)
Stlth    ..........             (no amulet)
HPRegen  0.16/turn              (no ring)
MPRegen  0.09/turn              (no ring)

@: no status effects
A: horns 2, retaliatory headbutt
a: no special abilities


You were on level 3 of the Dungeon.
You visited 1 branch of the dungeon, and saw 3 of its levels.

You collected 80 gold pieces.

Inventory:

Hand Weapons
 a - a +1 flail (weapon)
 h - a +2 mace of holy wrath
Missiles
 f - 16 poisoned darts (quivered)
Armour
 b - a +0 scale mail (worn)
 c - a +0 kite shield (worn)
Scrolls
 e - 3 scrolls of immolation {unknown}
 j - a scroll of magic mapping {unknown}
 k - a scroll of amnesia {unknown}
 l - 2 scrolls of enchant weapon
Potions
 d - a potion of might
 g - 2 potions of ambrosia {unknown}
 i - a potion of berserk rage {unknown}


   Skills:
 + Level 5.0 Fighting
 + Level 4.5 Maces & Flails
 + Level 0.0 Throwing
 + Level 5.0 Armour
 - Level 3.9 Shields


You had 4 spell levels left.
You didn't know any spells.
Your spell library contained the following spells:

 Spells                   Type           Power      Damage    Failure   Level
 Magic Dart               Conj           0%         1d3       99%         1
 Call Imp                 Summ           0%         N/A       100%        2
 Corpse Rot               Necr/Air       N/A        N/A       100%        2
 Poisonous Vapours        Pois/Air       0%         N/A       100%        2
 Dazzling Flash           Conj/Hex       0%         N/A       100%        3
 Mephitic Cloud           Conj/Pois/Air  0%         N/A       100%        3
 Agony                    Necr           0%         N/A       100%        5
 Freezing Cloud           Conj/Ice/Air   0%         6-21      100%        5
 Silence                  Hex/Air        0%         N/A       100%        5


Dungeon Overview and Level Annotations

Branches:
Dungeon (3/15)

Altars:


Innate Abilities, Weirdness & Mutations

You have a pair of horns on your head.
You reflexively headbutt those who attack you in melee.


Message History

Throw: 18 darts (poison)
Press: ? - help, Q - select action Shift-Dir - straight line, f/p - ice beast
Aim: an ice beast (lightly wounded, poisoned, 57% to hit)
You throw a poisoned dart.
The poisoned dart barely misses the ice beast.
Throw: 17 darts (poison)
Press: ? - help, Q - select action Shift-Dir - straight line, f/p - ice beast
Aim: an ice beast (lightly wounded, poisoned, 57% to hit)
You throw a poisoned dart. The poisoned dart hits the ice beast.
The ice beast is lightly wounded.
You hit the ice beast but do no damage.
The ice beast is lightly wounded.
The ice beast looks more healthy.
The ice beast hits you. The ice beast freezes you!
You thump the ice beast!
You headbutt the ice beast, but do no damage.
The ice beast is heavily wounded.
You block the ice beast's attack. The ice beast hits you.
The ice beast freezes you!
You sock the ice beast!
You headbutt the ice beast, but do no damage.
The ice beast is severely wounded.
The ice beast hits you. The ice beast freezes you.
You hit the ice beast.
The ice beast is almost dead.
The ice beast hits you but does no damage.
You barely miss the ice beast.
The ice beast is almost dead.
You block the ice beast's attack. x2
You closely miss the ice beast.
The ice beast is almost dead.
You block the ice beast's attack.
You hit the ice beast.
The ice beast is almost dead.
The ice beast hits you. The ice beast freezes you!
* * * LOW HITPOINT WARNING * * *
The ice beast hits you.
* * * LOW HITPOINT WARNING * * *
The ice beast freezes you!
You die...

........# #.......#..###..#
..†....##
#(...........#..#####
##)..###
#..(....#..#........# ##...#
#..(....#.......###.# #...#
#.......#.#####.# #.# #.[.#
####.####.......# #.###
#...# #.(# ######### #....
#...# ##Y####### #.... #...#
#.@.....########.##
###...#########..####......#
#.##
.............##..####......#
#.##
.................##........#
#...
.............#...##.#......#
####
###...########.............#
# ##.#.## #.........##### #
#.###.#### #...##.##.# #
###.#.#...#
#.....[...##########


You could see an ice beast.

Vanquished Creatures
  Terence (D:3)
  4 gnolls (D:2)
  5 adders
  3 worms
  4 dart slugs (D:2)
  7 endoplasms
  3 giant cockroaches
  4 goblins
  9 hobgoblins
  4 jackals (D:1)
  2 quokkas
  4 ball pythons
  7 bats
  A frilled lizard (D:1)
  5 kobolds
  2 rats (D:1)
65 creatures vanquished.

Notes
Turn   | Place    | Note
-------+----------+-------------------------------------------
     0 | D:1      | klutch the Minotaur Fighter began the quest for the Orb.
     0 | D:1      | Reached XP level 1. HP: 19/19 MP: 0/0
   289 | D:1      | Reached XP level 2. HP: 27/27 MP: 1/1
   982 | D:2      | Reached XP level 3. HP: 33/33 MP: 2/2
  1030 | D:2      | Reached XP level 4. HP: 24/41 MP: 3/3
  2016 | D:2      | Found a faded altar of an unknown god.
  2168 | D:3      | Noticed Terence
  2174 | D:3      | Killed Terence
  2175 | D:3      | Reached XP level 5. HP: 42/47 MP: 4/4
  2361 | D:3      | Reached skill level 5 in Fighting
  2366 | D:3      | Reached skill level 5 in Armour
  2580 | D:3      | Noticed an ice beast
  2591 | D:3      | Mangled by an ice beast

Illustrated notes

Levels and vault maps discovered:
D:1:      co_arrival_square_in_a_square_in_a_square, layout_basic
D:2:      layout_loops_ring, shapermc_ecumenical_altar_petra
D:3:      layout_loops_cross, nzn_wu_jian_contemplation, gup_sewer_entry_pipe,
          grunt_ministairs_14, uniq_terence

Skill      XL: |  1  2  3  4  5 |
---------------+----------------+-----
Maces & Flails | 3 4 |  4.5
Fighting       | 4 5 |  5.0
Armour         | 4 5 |  5.0
Shields        | |  3.9

Action                   |  1- 3 |  4- 6 || total
-------------------------+-------+-------++-------
Melee: Flail             |    77 |    86 ||   163
       Headbutt          |     9 |    16 ||    25
Throw: Dart              |       |    14 ||    14
  Use: Scroll            |     3 |       ||     3
Armor: Scale mail        |    40 |    28 ||    68
Dodge: Dodged            |    28 |    17 ||    45
Block: Kite shield       |    51 |    33 ||    84
